 Dungeon Crawl Stone Soup version 0.31.0-11-ge490571c62 (webtiles) character file.

Game seed: 18126454366397658323

1176 Ashen the Ruffian (level 8, -4/78 HPs)
             Began as a Troll Shapeshifter on Feb 1, 2024.
             Slain by a wight
             ... wielding a +2 short sword
              (7 damage)
             ... on level 5 of the Dungeon.
             The game lasted 00:03:48 (3005 turns).

Ashen the Ruffian (Troll Shapeshifter)              Turns: 3005, Time: 00:03:49

Health: -4/78      AC:  4    Str: 23    XL:     8   Next: 18%
Magic:  7/7        EV: 11    Int:  6    God:
Gold:   236        SH:  0    Dex: 11    Spells: 7/7 levels left

rFire   . .          .
                       - Unarmed
rCold   . . .        (no shield)
rNeg    . . .        a - +0 animal skin
rPois   .            (helmet currently unavailable)
rElec   .            (cloak currently unavailable)
rCorr   .            (gloves unavailable)
SInv    .            (boots unavailable)
Will    .....        (no amulet)
Stlth   +            q - +4 ring of slaying
HPRegen 1.13/turn    (no ring)
MPRegen 0.10/turn

%: no passive effects
@: beast-form
A: beast (slay +3), large, unfitting armour, claws 3, regeneration 1, shaggy fur
1, tough skin 1
a: Begin Untransformation


You were on level 5 of the Dungeon.
You were a hulking beast.
You visited 1 branch of the dungeon, and saw 5 of its levels.
You also visited: Sewer.

You collected 236 gold pieces.

Inventory:

Armour
 a - a +0 animal skin (worn)
Jewellery
 q - a +4 ring of slaying (left claw)
Talismans
 c - a beast talisman
 d - a flux talisman
Wands
 o - a wand of roots (4)
Scrolls
 e - 3 scrolls of teleportation {unknown}
 f - a scroll of fog {unknown}
 l - a scroll of noise {unknown}
 n - 4 scrolls of identify {unknown}
 t - a scroll of blinking {unknown}
 v - a scroll of vulnerability {unknown}
Potions
 b - a potion of lignification
 g - 2 potions of degeneration {unknown}
 h - 2 potions of magic {unknown}
 i - 2 potions of curing {unknown}
 j - a potion of attraction {unknown}
 k - a potion of might {unknown}
 m - a potion of invisibility {unknown}
 p - 2 potions of ambrosia {unknown}
 r - 3 potions of haste {unknown}
 s - 2 potions of brilliance {unknown}
 u - a potion of mutation {unknown}
 w - a potion of resistance {unknown}


   Skills:
 + Level 4.0 Fighting
 + Level 4.2 Dodging
 + Level 5.7 Unarmed Combat
 + Level 5.4 Shapeshifting


You had 7 spell levels left.
You didn't know any spells.
Your spell library was empty.

Dungeon Overview and Level Annotations

Branches:
Dungeon (5/15)              Sewer (visited)
 Temple: D:4-7

Altars:
Kikubaaqudgha
Makhleb
Zin

Shops:
D:5 *


Innate Abilities, Weirdness & Mutations

You are a hulking beast.
Your limbs bulge with bestial killing power. (Slay +3)
You are too large for most types of armour.
You have claws for hands.
Your natural rate of healing is unusually fast.
You are covered in fur. (AC +1)
You have tough skin. (AC +1)


Message History

You claw the ufetubus!
The ufetubus is severely wounded.
The ufetubus barely misses you. The ufetubus hits you.
You claw the ufetubus!
You kill the ufetubus! 2 wights come into view.
You completely miss the howler monkey. The howler monkey closely misses you.
You claw the howler monkey!
The howler monkey is severely wounded.
The howler monkey hits you.
You mangle the howler monkey!!
You kill the howler monkey!
The wight hits you with a +2 mace of distortion!
You feel drained. Space warps around you.
There is an open door, spattered with blood here.
You see here a howler monkey corpse.
You scratch the wight.
The wight is moderately damaged.
The wight hits you with a +2 mace of distortion!
Space warps horribly around you! The wight closely misses you.
The wight hits you but does no damage.
You are too injured to fight recklessly!
You are too injured to fight recklessly!
You are too injured to fight recklessly!
You closely miss the wight.
The wight is moderately damaged.
The wight hits you with a +2 mace of distortion.
Space warps horribly around you!
* * * LOW HITPOINT WARNING * * *
You claw the wight!
You destroy the wight!
Your life force feels restored.
Your Fighting skill increases to level 4!
You closely miss the wight. The wight misses you. The wight barely misses you.
You claw the wight!
The wight is heavily damaged.
The wight hits you from afar with a +3 halberd!
* * * LOW HITPOINT WARNING * * *
The wight hits you with a +2 short sword!
You die...

#.#...#.###[## #..#.#..#
.# #.......# # #....#.##
#+## #.##.#.###...##
#......##.....##
##.##.###.......##
########...#.##.........#
.............hzz.........
########.....##..#.#.#.#.
##.#.###.......... ###.#
#..#$#.#.#. #.#
#.......... #.#
##.#.#.#.#. #.#
#......... #.# #.#.#.#.#.
#.# #.........


You could see 2 wights.

Vanquished Creatures
  Sigmund (D:2)
  A sky beast (D:4)
  A black bear (D:4)
  An ogre (D:4)
  A kobold brigand (Sewer)
  A phantom (D:4)
  A wight (D:5)
  A howler monkey (D:5)
  4 hounds (D:4)
  3 iguanas
  Natasha (thrice) (D:2)
  Terence (D:2)
  6 adders
  7 river rats (Sewer)
  2 ufetubi (D:5)
  3 dart slugs
  A ribbon worm (D:2)
  2 orcs (D:4)
  4 ball pythons
  5 endoplasms
  4 giant cockroaches
  4 goblins
  5 hobgoblins
  2 jackals (D:2)
  20 kobolds
  3 quokkas
  4 bats
  6 frilled lizards
  22 rats
119 creatures vanquished.

Notes
Turn   | Place    | Note
-------+----------+-------------------------------------------
     0 | D:1      | Ashen the Troll Shapeshifter began the quest for the Orb.
     0 | D:1      | Reached XP level 1. HP: 18/18 MP: 0/0
    43 | D:1      | Reached skill level 1 in Fighting
    78 | D:1      | Reached XP level 2. HP: 27/27 MP: 1/1
   430 | D:2      | Reached XP level 3. HP: 19/33 MP: 2/2
   545 | D:2      | Noticed Terence
   546 | D:2      | Noticed Natasha
   551 | D:2      | Killed Terence
   552 | D:2      | Reached XP level 4. HP: 28/41 MP: 3/3
   554 | D:2      | Killed Natasha
   735 | D:2      | Noticed Natasha
   740 | D:2      | Killed Natasha
   741 | D:2      | Reached XP level 5. HP: 43/49 MP: 4/4
   750 | D:2      | Noticed Sigmund
   758 | D:2      | Killed Sigmund
   759 | D:2      | Reached XP level 6. HP: 58/59 MP: 5/5
   783 | D:2      | Noticed Natasha
   791 | D:2      | Killed Natasha
  1539 | D:4      | Noticed a sky beast
  1546 | D:4      | Killed a sky beast
  1595 | D:4      | Reached XP level 7. HP: 67/67 MP: 6/6
  1619 | D:4      | Found a burning altar of Makhleb.
  1620 | D:4      | Found an ancient bone altar of Kikubaaqudgha.
  1657 | D:4      | Reached skill level 5 in Unarmed Combat
  1995 | D:4      | Found a glowing drain.
  2023 | Sewer    | Entered a sewer
  2323 | Sewer    | Reached skill level 5 in Shapeshifting
  2550 | D:4      | Found a glowing silver altar of Zin.
  2642 | D:4      | Reached XP level 8. HP: 55/78 MP: 7/7
  2950 | D:5      | Entered Level 5 of the Dungeon
  2950 | D:5      | Found Veekh's Overcharged Wands.
  3005 | D:5      | HP: 3/78 [wight/+3 halberd (14)]
  3005 | D:5      | Slain by a wight

Illustrated notes

Levels and vault maps discovered:
D:1:      erik_arrival_blinker_ship, layout_rooms
D:2:      layout_basic, uniq_terence, uniq_natasha, uniq_sigmund
D:3:      layout_loops_ring
D:4:      layout_layer_cave, zin_statuary, mainiacjoe_overflow_divided_tiny,
          portal_sewer_entry_a, minmay_misc_feat_x, minivault_11
D:5:      layout_loops_corners, nicolae_gozag_seed_capital, lemuel_tele_altar,
          serial_glass, glass_columns_b, glass_columns_c,
          minmay_strange_pillars, feat_on_display,
          nicolae_shop_overcharged_wands, uniq_eustachio

Skill      XL: |  1  2  3  4  5  6  7  8 |
---------------+-------------------------+-----
Fighting       | 1 2 3 4 |  4.0
Dodging        | 2 3 4 |  4.2
Unarmed Combat | 4 5 |  5.7
Shapeshifting  | 4 5 |  5.4

Action                     |  1- 3 |  4- 6 |  7- 9 || total
---------------------------+-------+-------+-------++-------
  Melee: Unarmed           |    65 |    48 |   127 ||   240
         Punch             |     2 |     1 |     1 ||     4
 Armour: Animal skin       |    31 |    23 |    80 ||   134
  Dodge: Dodged            |    34 |    15 |    64 ||   113
